 Dungeon Crawl Stone Soup version 0.29.1-15-g9cfb28693d (webtiles) character file.

Game seed: 17103268680473937725

3127 raph the Covert (level 10, -1/65 HPs)
             Began as a Kobold Berserker on Apr 26, 2023.
             Was a Priest of Trog.
             Slain by a yak (11 damage)
             ... on level 8 of the Dungeon.
             The game lasted 00:10:33 (8944 turns).

raph the Covert (Kobold Berserker)                  Turns: 8944, Time: 00:10:33

Health: -1/65      AC:  7    Str: 15    XL:     10   Next: 14%
Magic:  10/10      EV: 18    Int:  9    God:    Trog [***...]
Gold:   109        SH:  0    Dex: 18    Spells: 9/9 levels left

rFire   . . .      SeeInvis .   a - +0 rapier
rCold   . . .      Faith    .   (no shield)
rNeg    . . .      Spirit   .   l - +2 leather armour {rPois}
rPois   +          Reflect  .   (no helmet)
rElec   .          Harm     .   F - +1 cloak
rCorr   .          Rampage  .   (no gloves)
Will    ++...                   (no boots)
Stlth   ++++++....              (no amulet)
HPRegen 1.20/turn               A - +4 ring of evasion
MPRegen 0.12/turn               (no ring)

@: strong-willed, regenerating
A: small, no large weapons, nightstalker 3
a: Renounce Religion, Berserk, Trog's Hand


You were on level 8 of the Dungeon.
You worshipped Trog.
Trog was most pleased with you.
You visited 1 branch of the dungeon, and saw 8 of its levels.

You collected 357 gold pieces.
You spent 248 gold pieces at shops.

Inventory:

Hand Weapons
 a - a +0 rapier (weapon)
 b - a +2 antimagic dagger
 p - a +0 short sword
 r - a +0 dagger
Missiles
 d - 2 throwing nets (quivered)
 h - 7 poisoned darts
 n - 6 curare-tipped darts
 s - 12 boomerangs
 B - 3 silver boomerangs
Armour
 e - a +1 animal skin
 l - a +2 leather armour of poison resistance (worn)
 F - a +1 cloak (worn)
Jewellery
 t - a ring of ice
 x - a ring of fire
 A - a +4 ring of evasion (left hand)
Wands
 w - a wand of roots (13)
 z - a wand of charming (16)
 C - a wand of digging (2)
Scrolls
 f - 5 scrolls of teleportation
 i - a scroll of silence
 m - 4 scrolls of blinking
 y - a scroll of poison
Potions
 c - 5 potions of curing
 g - 3 potions of attraction
 j - a potion of heal wounds {unknown}
 k - a potion of resistance {unknown}
 o - 3 potions of mutation
 q - 3 potions of flight
 u - a potion of brilliance
 v - a potion of might
 D - a potion of invisibility {unknown}
 E - a potion of lignification


   Skills:
 + Level 8.6 Fighting
 + Level 11.2 Short Blades
 - Level 1.5 Armour
 - Level 2.4 Dodging
 + Level 11.4 Stealth


You had 9 spell levels left.
You didn't know any spells.
Your spell library was empty.

Dungeon Overview and Level Annotations

Branches:
Dungeon (8/15)             Temple (0/1) D:6
   Lair: D:8-11

Altars:
Kikubaaqudgha
Makhleb
Nemelex Xobeh
Xom

Shops:
D:2 (   D:4 *

Annotations:
D:4 2 runed translucent doors


Innate Abilities, Weirdness & Mutations

You are small and have problems with some larger weapons.
You are completely attuned to the shadows.


Message History

The yak is almost dead.
The yak gores you. The yak gores you but does no damage.
You completely miss the yak.
The yak is almost dead.
You hit the yak but do no damage.
The yak is almost dead.
The yak gores you but does no damage. The yak gores you.
You completely miss the yak.
The yak is almost dead.
The yak gores you. The yak closely misses you.
The orc wizard casts a spell.
The orc wizard flickers and vanishes!
Deactivating autopickup; reactivate with Ctrl-A.
You hit the yak.
The yak is almost dead.
You closely miss the yak.
The yak is almost dead.
The yak misses you. x2
You barely miss the yak.
The yak is almost dead.
The yak gores you! The yak closely misses you.
You closely miss the yak.
The yak is almost dead.
You hit the yak but do no damage.
The yak is almost dead.
The yak gores you! The yak closely misses you.
You are too injured to fight recklessly!
You are too injured to fight recklessly!
You are too injured to fight recklessly!
You are too injured to fight recklessly!
The yak gores you!
* * * LOW HITPOINT WARNING * * *
The yak attacks as you move away! The yak gores you!
* * * LOW HITPOINT WARNING * * *
The yak attacks as you move away! The yak misses you.
There is an open door here.
Your skin crawls.
You feel strong-willed. The yak closely misses you. The yak gores you!
You die...

.......#############.....##
#####.....# #########.....
#.....+ #...#...#....>
#.....# #...#...'.....
####.....# ##'###.##.....
.....#########..##.#....##
.....#...#.........#....#
.....o..Y#.........#....#
.....#{oY@.........#....#
.....#####.###.##..#....##
#......###.###.##..####...
#......#...#...#......#...
#......#...#...'......'...
#......#...#...#......#...
#.o....#...#...#......#...
#..Y...#...#...#......#...
#..oo..################...


You could see 2 yaks and 2 orcs.

Vanquished Creatures
  Grinder (D:5)
  A yak (D:8)
  A wyvern (D:7)
  A water moccasin (D:4)
  A sky beast (D:7)
  3 orc warriors
  A black bear (D:4)
  An ice beast (D:6)
  5 ogres
  2 centaurs
  A necrophage (D:7)
  A bullfrog (D:6)
  A gnoll sergeant (D:7)
  A scorpion (D:4)
  5 wights (D:7)
  6 killer bees (D:8)
  A hound (D:5)
  A jelly (D:6)
  7 orc priests
  A gnoll bouda (D:5)
  2 iguanas (D:6)
  2 orc wizards
  6 gnolls
  8 adders
  An ufetubus (D:5)
  A worm (D:4)
  A dart slug (D:3)
  22 orcs
  6 bats
  6 endoplasms
  6 giant cockroaches
  4 hobgoblins
  7 quokkas
  7 ball pythons
  5 frilled lizards
  5 goblins
  10 kobolds
  7 rats
148 creatures vanquished.

Notes
Turn   | Place    | Note
-------+----------+-------------------------------------------
     0 | D:1      | raph the Kobold Berserker began the quest for the Orb.
     0 | D:1      | Reached XP level 1. HP: 14/14 MP: 1/1
    93 | D:1      | Reached skill level 1 in Stealth
   356 | D:1      | Reached XP level 2. HP: 19/19 MP: 2/2
  1030 | D:1      | Reached ** piety under Trog
  1031 | D:1      | Reached XP level 3. HP: 18/23 MP: 3/3
  1591 | D:1      | Found a faded altar of an unknown god.
  1971 | D:2      | Found Liodghor's Weapon Shop.
  1990 | D:2      | Reached skill level 5 in Short Blades
  2061 | D:2      | Bought a +0 rapier for 52 gold pieces
  2300 | D:3      | Reached XP level 4. HP: 28/28 MP: 4/4
  2301 | D:3      | Noticed an ogre
  2305 | D:3      | Killed an ogre
  2306 | D:3      | Reached XP level 5. HP: 32/32 MP: 5/5
  3299 | D:4      | Reached skill level 5 in Stealth
  3299 | D:4      | Reached XP level 6. HP: 37/37 MP: 6/6
  3406 | D:4      | Noticed a black bear
  3412 | D:4      | Killed a black bear
  3599 | D:4      | Found a large runed translucent door.
  3603 | D:4      | Found a large runed translucent door.
  3631 | D:4      | Found Funtufet's Serpentskin Sales.
  3631 | D:4      | Noticed a water moccasin
  3633 | D:4      | Killed a water moccasin
  3634 | D:4      | Reached XP level 7. HP: 44/44 MP: 7/7
  3636 | D:4      | Bought 6 curare-tipped darts for 36 gold pieces
  4193 | D:4      | Found Teokiz's Weapon Shoppe.
  4425 | D:5      | Entered Level 5 of the Dungeon
  4532 | D:5      | Reached skill level 5 in Fighting
  4843 | D:5      | Reached XP level 8. HP: 40/49 MP: 8/8
  5400 | D:5      | Noticed Grinder
  5400 | D:5      | Paralysed by Grinder for 5 turns
  5409 | D:5      | Paralysed by Grinder for 4 turns
  5414 | D:5      | Killed Grinder
  5909 | D:6      | Found a staircase to the Ecumenical Temple.
  6019 | D:6      | Reached XP level 9. HP: 56/56 MP: 9/9
  6640 | D:7      | Reached *** piety under Trog
  6641 | D:7      | Reached skill level 10 in Short Blades
  6694 | D:7      | Reached skill level 10 in Stealth
  8279 | D:8      | Found a sparkling altar of Nemelex Xobeh.
  8371 | D:8      | Found a faded altar of an unknown god.
  8376 | D:8      | Found a burning altar of Makhleb.
  8378 | D:8      | Reached XP level 10. HP: 64/64 MP: 10/10
  8498 | D:8      | Found a faded altar of an unknown god.
  8499 | D:8      | Found a shimmering altar of Xom.
  8504 | D:8      | Found an ancient bone altar of Kikubaaqudgha.
  8675 | D:4      | Bought a +2 leather armour of poison resistance for 160
                  | gold pieces
  8944 | D:8      | Slain by a yak

Illustrated notes

Levels and vault maps discovered:
D:1:      minmay_arrival_pointy, layout_loops_corners, basic_ecumenical_altar,
          minmay_tetromino_l4
D:2:      layout_basic, serial_shops, nicolae_shop_hallway_plus
D:3:      layout_loops_cross
D:4:      layout_loops_corners, jmf_multi_god_temple2, serial_shops,
          nicolae_shop_bloodbath_and_beyond, guppyfry_shop_venom
D:5:      layout_loops_ring, st_stairs_4, uniq_grinder
D:6:      layout_basic, minmay_temple_entry_wispy, minmay_fountain_box,
          chequers_mini_garden
D:7:      layout_basic, serial_curves, eino_curves_04, eino_curves_03,
          eino_curves_02, eino_curves_01
D:8:      layout_gridville, nicolae_gozag_seed_capital,
          chequers_temple_overflow_minitemple, lemuel_doored_altar,
          roderic_nine_men_s_morris, minmay_shop_enchanted_jewellery

Skill      XL: |  1  2  3  4  5  6  7  8  9 10 |
---------------+-------------------------------+-----
Stealth        | 1 2 3 4 5 6 7 9 11 | 11.4
Short Blades   | 5 6 7 8 9 10 11 | 11.2
Fighting       | 4 5 6 8 |  8.6
Armour         | |  1.5
Dodging        | |  2.4

Action                   |  1- 3 |  4- 6 |  7- 9 | 10-12 || total
-------------------------+-------+-------+-------+-------++-------
Melee: Short sword       |    72 |       |       |       ||    72
       Dagger            |    31 |       |       |       ||    31
       Rapier            |    11 |    34 |   219 |    61 ||   325
       Punch             |       |     1 |     2 |     1 ||     4
Invok: Berserk           |     2 |     2 |    11 |       ||    15
       Trog's Hand       |       |       |       |     2 ||     2
  Use: Scroll            |       |     9 |     9 |       ||    18
 Stab: Sleeping          |    16 |    13 |    27 |     1 ||    57
       Distracted        |       |     1 |     2 |       ||     3
Armor: Animal skin       |    10 |     3 |     9 |     2 ||    24
       Leather armour    |       |       |       |     3 ||     3
Dodge: Dodged            |    55 |    14 |   119 |    53 ||   241
